 Dungeon Crawl Stone Soup version 0.21.1-1-g345015f (webtiles) character file.

252 inc the Chopper (level 5, -1/41 HPs)
             Began as a Demonspawn Monk on June 14, 2018.
             Slain by an ogre
             ... wielding a +0 giant club
              (24 damage)
             ... on level 4 of the Dungeon.
             The game lasted 00:06:00 (3263 turns).

inc the Chopper (Demonspawn Monk)                   Turns: 3263, Time: 00:06:00

Health: -1/41      AC:  7    Str: 13    XL:     5   Next: 89%
Magic:  5/5        EV: 15    Int: 11    God:
Gold:   202        SH:  0    Dex: 15    Spells: 4/4 levels left

rFire    . . .     SeeInvis .   a - +0 hand axe
rCold    . . .     Gourm    .   (no shield)
rNeg     . . .     Faith    .   k - +0 ring mail
rPois    +         Spirit   .   e - +0 helmet
rElec    .         Reflect  .   i - +0 cloak
rCorr    .         Harm     .   (no gloves)
MR       .....                  (no boots)
Stlth    ++........             q - amulet of regeneration
HPRegen  0.53/turn              s - +4 ring of evasion
MPRegen  0.09/turn              o - ring of poison resistance

@: no status effects
A: nightstalker 1, powered by pain 2
a: no special abilities


You were on level 4 of the Dungeon.
You were not hungry.

You visited 1 branch of the dungeon, and saw 4 of its levels.

You collected 202 gold pieces.

Inventory:

Hand Weapons
 a - a +0 hand axe (weapon)
Armour
 b - a +0 robe
 e - a +0 helmet (worn)
 i - a +0 cloak (worn)
 k - a +0 ring mail (worn)
Jewellery
 l - a +1 ring of evasion
 n - an uncursed amulet of guardian spirit
 o - a ring of poison resistance (right hand)
 q - an amulet of regeneration (around neck)
 r - an uncursed ring of stealth
 s - a +4 ring of evasion (left hand)
Scrolls
 d - a scroll of remove curse
 f - 2 scrolls of teleportation
 g - a scroll of immolation
 p - a scroll of enchant armour {unknown}
 u - a scroll of magic mapping {unknown}
 v - a scroll of identify {unknown}
 y - a scroll of blinking {unknown}
Potions
 h - 2 potions of berserk rage {unknown}
 j - a potion of heal wounds {unknown}
 m - a potion of haste {unknown}
 t - a potion of agility {unknown}
 w - a potion of flight {unknown}
 x - 2 potions of degeneration {unknown}
Comestibles
 c - 3 rations
 z - a chunk of flesh


   Skills:
 - Level 3.3 Fighting
 + Level 5.8 Axes
 - Level 2.6 Dodging
 - Level 2.1 Stealth


You had 4 spell levels left.
You didn't know any spells.

Dungeon Overview and Level Annotations

Branches:
Dungeon (4/15)
 Temple: D:4-7

Altars:

Shops:
D:4 :


Innate Abilities, Weirdness & Mutations

You are slightly more attuned to the shadows.
You sometimes gain power by taking damage.


Message History

No target in view!
No target in view!
No target in view!
No target in view!
An ogre comes into view. It is wielding a giant club.
An ogre is nearby!
An ogre is nearby!
You strike the helpless ogre from behind!
You hit the ogre but do no damage. The ogre hits you with a giant club!!
You hit the ogre but do no damage. The ogre misses you.
You hit the ogre.
The ogre is lightly wounded.
The ogre closely misses you.
Your ring mail prevents you from hitting the ogre.
The ogre is lightly wounded.
You slash the ogre!
The ogre is moderately wounded.
The ogre hits you with a giant club!!
Ouch! That really hurt!
You die...

#.# #.. #.# #.# #..#
#?# #.# ...###.# #.#
......# #.# #. #..#
#.# #†##..####### #.#
#...........# #.#
#O@#..#####.# #.#
#......#..# #.# #.#
..###.##..# #.# #.#
#.##..#####.# #.## ..
.........# #...
..#.##.#####..# ##..
#.#.##.#####..#####..
.............#.......
#.#.###.###.###.###(#


You could see an ogre.

Vanquished Creatures
  2 orc priests (D:3)
  An orc wizard (D:3)
  5 adders
  An ooze (D:3)
  3 worms
  2 dart slugs (D:1)
  4 leopard geckos
  14 orcs (D:3)
  5 giant cockroaches
  9 goblins
  13 hobgoblins
  3 kobolds (D:2)
  3 quokkas
  7 bats
  4 frilled lizards
  11 rats
87 creatures vanquished.

Notes
Turn   | Place    | Note
-------+----------+-------------------------------------------
     0 | D:1      | inc the Demonspawn Monk began the quest for the Orb.
     0 | D:1      | Reached XP level 1. HP: 18/18 MP: 1/1
   125 | D:1      | Reached skill level 3 in Axes
   255 | D:1      | Gained mutation: You are slightly more attuned to the shadows. [demonic ancestry]
   255 | D:1      | Reached XP level 2. HP: 8/24 MP: 2/2
   955 | D:1      | Gained mutation: You sometimes gain a little power by taking damage. [demonic ancestry]
   955 | D:1      | Reached XP level 3. HP: 28/29 MP: 3/3
  1694 | D:2      | Reached skill level 4 in Axes
  1830 | D:2      | Reached XP level 4. HP: 35/35 MP: 4/4
  2307 | D:3      | Gained mutation: You sometimes gain power by taking damage. [demonic ancestry]
  2307 | D:3      | Reached XP level 5. HP: 41/41 MP: 5/5
  2341 | D:3      | Reached skill level 5 in Axes
  3113 | D:4      | Found Iveaff's Book Shop.
  3256 | D:4      | Noticed an ogre
  3263 | D:4      | Slain by an ogre

Skill      XL: |  1  2  3  4  5 |
---------------+----------------+-----
Axes           | 3 4 5 |  5.8
Stealth        | 2 |  2.1
Fighting       | |  3.3
Dodging        | |  2.6

Action                   |  1- 3 |  4- 6 || total
-------------------------+-------+-------++-------
Melee: Hand axe          |   143 |   207 ||   350
  Use: Scroll            |       |     3 ||     3
 Stab: Sleeping          |    12 |     6 ||    18
       Distracted        |       |     1 ||     1
  Eat: Chunk             |     3 |     5 ||     8
Armor: Robe              |    21 |       ||    21
       Ring mail         |    18 |    50 ||    68
Dodge: Dodged            |    93 |   146 ||   239
